 Dungeon Crawl Stone Soup version 0.17-a0-2133-gde797ed (webtiles) character file.

41 admarant the Skirmisher (level 3, 0/24 HPs)
             Began as a Gargoyle Chaos Knight on Oct 23, 2015.
             Slain by a worm (8 damage)
             ... on level 2 of the Dungeon.
             The game lasted 00:06:51 (988 turns).

admarant the Skirmisher (Gargoyle Chaos Knight)      Turns: 988, Time: 00:06:51

Health: 0/24       AC:  9    Str: 16    XL:     3   Next: 52%
Magic:  3/3        EV: 11    Int: 12    God:    Xom [.*....]
Gold:   94         SH:  0    Dex:  9    Spells: 0 memorised, 2 levels left

rFire  . . .     SeeInvis .     a - +0 spear (chaos)
rCold  + . .     Clarity  .     b - +3 leather armour
rNeg   + . .     SustAt   .     (no shield)
rPois  ∞         Gourm    .     (no helmet)
rElec  +         Spirit   .     (no cloak)
rCorr  .         Warding  .     (no gloves)
rMut   .         Stasis   .     (no boots)
MR     .....                    (no amulet)
Stlth  +.........               (no ring)
                                h - ring of protection from cold

@: not resistant to hostile enchantments, very unstealthy
A: negative energy resistance 1, electricity resistance, unbreathing,
petrification resistance, rot immunity, AC +3
a: Renounce Religion


You were on level 2 of the Dungeon.
You worshipped Xom.
You were a plaything of Xom.
You were not hungry.

You visited 1 branch of the dungeon, and saw 2 of its levels.

You collected 94 gold pieces.

Inventory:

Hand Weapons
 a - a +0 spear of chaos (weapon)
Armour
 b - a +3 leather armour (worn)
Jewellery
 h - a ring of protection from cold (left hand)
Potions
 e - a potion of haste {unknown}
Comestibles
 c - 2 bread rations
 d - 2 fruits


   Skills:
 * Level 4.1 Fighting
 * Level 3.3 Polearms
 + Level 2.5 Armour
 - Level 0.7 Dodging


You had 2 spell levels left.
You didn't know any spells.

Dungeon Overview and Level Annotations

Branches:
Dungeon (2/15)

Altars:
Ashenzari


Innate Abilities, Weirdness & Mutations

You are resistant to torment.
Your stone body is resilient (AC +3).
You are immune to poison.
You resist negative energy.
You are resistant to electric shocks.
You can survive without breathing.
You are immune to petrification.
You are immune to rotting.


Message History

The bat misses you. Something bites you.
You closely miss something. The bat hits you but does no damage.
Something bites you.
You closely miss something. The bat hits you but does no damage.
A worm comes into view.
You closely miss something. The bat barely misses you.
Something bites you but does no damage.
You barely miss something. The bat hits you but does no damage.
You closely miss something. The bat barely misses you. Something bites you!
You hit something. The bat hits you.
* * * LOW HITPOINT WARNING * * *
You hit something. You freeze something. The bat hits you but does no damage.
Something bites you but does no damage.
You closely miss something. The bat barely misses you.
Something bites you but does no damage.
You barely miss something. The bat hits you but does no damage.
You closely miss something. The bat hits you but does no damage.
Something bites you!
You die... "Boring in life, boring in death..."

###..#.........
#...##........... ##.
#.####........... ##...
#.# ##.....(.... #<.#
#.# ##..........#.....##
#
#.####...........###.#..
#.###.##...#........#
#.####
#.....#..##...†$..... #
####..#.###..@{......
#.....# #..b.......
#...### #.....w..[.
#...... #..........
#.........%........
....########........
#..### #..##.### ....
..## .# ....


You could see a worm and a bat.

Vanquished Creatures
  An adder (D:2)
  2 giant geckos (D:1)
  4 bats (D:1)
  A giant cockroach (D:1)
  3 goblins
  3 hobgoblins
  2 jackals (D:2)
  4 giant newts
  4 kobolds
  7 rats
31 creatures vanquished.

Notes
Turn   | Place    | Note
--------------------------------------------------------------
     0 | D:1      | admarant the Gargoyle Chaos Knight began the quest for the Orb.
     0 | D:1      | Reached XP level 1. HP: 14/14 MP: 1/1
    79 | D:1      | Reached XP level 2. HP: 19/19 MP: 2/2
   192 | D:1      | XOM: potion effect (berserk rage)
   260 | D:1      | Found a shattered altar of Ashenzari.
   268 | D:1      | XOM: noise
   573 | D:1      | XOM: blink monster(s)
   681 | D:2      | Reached XP level 3. HP: 20/24 MP: 3/3
   687 | D:2      | Reached skill level 4 in Fighting
   793 | D:1      | XOM: harmless Trmt miscast
   988 | D:2      | Slain by a worm

Vault maps used:
D:1:      dpeg_arrival_erosion, st_stairs_12, ashenzari_altar_1

Action                   || total
-------------------------++-------
Melee: Spear             ||   113
  Use: Scroll            ||     3
       Potion            ||     1
  Eat: Chunk             ||     1
